 Dungeon Crawl Stone Soup version 0.31-a0-521-gc7390f8997 (webtiles) character file.

Game seed: 11315385985538066089

152 Shayle the Changeling (level 5, -1/48 HPs)
             Began as an Ogre Shapeshifter on Aug 10, 2023.
             Slain by Sigmund
             ... wielding a +0 scythe
              (8 damage)
             ... on level 3 of the Dungeon.
             The game lasted 00:03:47 (2328 turns).

Shayle the Changeling (Ogre Shapeshifter)           Turns: 2328, Time: 00:03:48

Health: -1/48      AC:  3    Str: 19    XL:     5   Next: 34%
Magic:  0/5        EV:  9    Int: 11    God:
Gold:   158        SH:  0    Dex:  9    Spells: 4/4 levels left

rFire   . .          .
                       - Unarmed
rCold   . . .        (no shield)
rNeg    . . .        a - +0 animal skin
rPois   .            (helmet currently unavailable)
rElec   .            (cloak currently unavailable)
rCorr   .            (gloves unavailable)
SInv    .            (boots unavailable)
Will    .....        k - amulet of guardian spirit
Stlth   +            (no ring)
HPRegen 0.28/turn    (no ring)
MPRegen 0.09/turn

%: guardian spirit
@: lethally poisoned (-1 -> -4), beast-form, attractive
A: beast (slay +3), large, unfitting armour, tough skin 1
a: Begin Untransformation


You were on level 3 of the Dungeon.
You were a hulking beast.
You visited 1 branch of the dungeon, and saw 3 of its levels.

You collected 158 gold pieces.

Inventory:

Missiles
 o - 4 curare-tipped darts
Armour
 a - a +0 animal skin (worn)
 n - a +0 kite shield
Jewellery
 k - an amulet of guardian spirit (around neck)
Talismans
 c - a beast talisman (active)
 d - a flux talisman
 m - a storm talisman
Scrolls
 e - 2 scrolls of vulnerability {unknown}
 i - a scroll of teleportation {unknown}
 j - 2 scrolls of identify {unknown}
 l - 2 scrolls of brand weapon {unknown}
 p - a scroll of enchant armour {unknown}
 u - a scroll of poison {unknown}
Potions
 b - a potion of lignification
 f - a potion of attraction
 g - a potion of ambrosia {unknown}
 h - 2 potions of mutation {unknown}
 q - a potion of heal wounds {unknown}
 r - a potion of enlightenment {unknown}
 s - 2 potions of degeneration {unknown}
 t - a potion of resistance {unknown}


   Skills:
 - Level 1.3 Fighting
 - Level 1.7 Dodging
 - Level 3.1 Unarmed Combat
 + Level 4.9 Shapeshifting


You had 4 spell levels left.
You didn't know any spells.
Your spell library was empty.

Dungeon Overview and Level Annotations

Branches:
Dungeon (3/15)

Altars:

Annotations:
D:2 1 runed translucent door, Crazy Yiuf
D:3 Sigmund


Innate Abilities, Weirdness & Mutations

You are a hulking beast.
Your limbs bulge with bestial killing power. (Slay +3)
You are too large for most types of armour.
You have tough skin. (AC +1)


Message History

You closely miss the giant cockroach.
The giant cockroach is severely wounded.
The giant cockroach barely misses you.
You hit the giant cockroach.
You kill the giant cockroach!
You miss the adder. The adder bites you.
You are poisoned.
The adder poisons you! Something hits you.
You barely miss the adder.
You feel sick. The adder closely misses you. The adder bites you.
You hit the adder.
The adder is moderately wounded.
You feel sick. Something hits you. The adder bites you but does no damage.
You closely miss the adder.
The adder is moderately wounded.
You feel sick. The adder bites you.
You are more poisoned.
The adder poisons you! Something hits you.
You completely miss the adder.
The adder is moderately wounded.
You feel sick. The adder bites you but does no damage.
You miss the adder.
The adder is moderately wounded.
You feel sick. The adder barely misses you. Something hits you.
The adder bites you.
You hit the adder.
The adder is almost dead.
You feel sick. The adder bites you.
You are more poisoned.
The adder poisons you!
You hit the adder.
You kill the adder!
You feel sick. Something hits you!
* * * LOW HITPOINT WARNING * * *
It was a potion of attraction.
You feel attractive to monsters.
You feel sick. The rat bites you.
* * * LOW HITPOINT WARNING * * *
Something hits you!
You die...

# ###.....# .
###....##.# . ..#...#..#
..# . #........# .# .
##..###..# # ...#
#..###.#.. #####
#.......# ...# #r#######
#######.###h####
...............##.
###..).........
##############..######..
......................
############.....#####
.............#####
############## #


You could see a rat.

Vanquished Creatures
  Natasha (twice) (D:2)
  6 adders
  A worm (D:3)
  An orc (D:3)
  3 endoplasms (D:2)
  4 giant cockroaches
  5 goblins
  3 hobgoblins
  A quokka (D:3)
  4 ball pythons
  5 bats
  3 frilled lizards
  4 kobolds
  2 rats (D:1)
44 creatures vanquished.

Notes
Turn   | Place    | Note
-------+----------+-------------------------------------------
     0 | D:1      | Shayle the Ogre Shapeshifter began the quest for the Orb.
     0 | D:1      | Reached XP level 1. HP: 19/19 MP: 1/1
   257 | D:1      | Reached XP level 2. HP: 23/27 MP: 2/2
   786 | D:1      | You fall into a shaft and drop 1 floor!
  1068 | D:2      | Noticed Natasha
  1082 | D:2      | Killed Natasha
  1083 | D:2      | Reached XP level 3. HP: 32/33 MP: 3/3
  1146 | D:2      | Reached skill level 4 in Shapeshifting
  1231 | D:2      | Reached XP level 4. HP: 31/41 MP: 2/4
  1688 | D:2      | Found a runed translucent door.
  1689 | D:2      | Noticed Crazy Yiuf
  1730 | D:2      | Noticed Natasha
  1744 | D:2      | Killed Natasha
  2040 | D:3      | Reached XP level 5. HP: 44/48 MP: 5/5
  2300 | D:3      | Noticed Sigmund
  2328 | D:3      | Slain by Sigmund

Illustrated notes

Levels and vault maps discovered:
D:1:      matt_arrival_spirals, layout_basic, minmay_pentomino_z4
D:2:      layout_loops_ring, st_stairs_14, uniq_natasha, uniq_crazy_yiuf_cottage
D:3:      layout_rooms, uniq_sigmund, uniq_terence

Skill      XL: |  1  2  3 |
---------------+----------+-----
Unarmed Combat | 3 |  3.1
Shapeshifting  | 4 |  4.9
Fighting       | |  1.3
Dodging        | |  1.7

Action                     |  1- 3 |  4- 6 || total
---------------------------+-------+-------++-------
  Melee: Unarmed           |    85 |    78 ||   163
         Punch             |     2 |     1 ||     3
    Use: Potion            |       |     1 ||     1
 Armour: Animal skin       |    17 |    16 ||    33
  Dodge: Dodged            |    45 |    34 ||    79

Table legend: (Time is in decaauts)
 A = Elapsed time spent in this place.
 B = Non-inter-level travel time spent in this place.
 C = Inter-level travel time spent in this place.
 D = Time resting spent in this place.
 E = Time spent auto-exploring this place.
 F = Levels seen in this place.
 G = Mean time per level.
                   A        B        C        D        E       F      G
               +--------+--------+--------+--------+--------+-----+--------+
         Total |   2319 |   2193 |    126 |    188 |   1550 |   3 |  773.0 |
       Dungeon |   2319 |   2193 |    126 |    188 |   1550 |   3 |  773.0 |
               +--------+--------+--------+--------+--------+-----+--------+

Top non-repeatable levels by time:
     D:2: 1050 daAuts
     D:1: 920 daAuts
     D:3: 347 daAuts
